 Dungeon Crawl Stone Soup version 0.28-a0-167-g7eff39e849 (webtiles) character file.

Game seed: 12505394672583470047

788 Nattfarinn the Magician (level 8, -1/50 HPs)
             Began as a Djinni Venom Mage on Aug 16, 2021.
             Slain by a sky beast (6 damage)
             ... on level 5 of the Dungeon.
             The game lasted 00:04:11 (6285 turns).

Nattfarinn the Magician (Djinni Venom Mage)         Turns: 6285, Time: 00:04:12

Health: -1/50      AC:  2    Str:  7    XL:     8   Next: 12%
Gold:   245        EV: 12    Int: 18    God:
                   SH:  0    Dex: 15

rFire   + + .      SeeInvis .   l - +2 dire flail (venom)
rCold   x . .      Faith    .   (shield currently unavailable)
rNeg    . . .      Spirit   .   a - +0 robe
rPois   ∞          Reflect  .   (no helmet)
rElec   .          Harm     .   (no cloak)
rCorr   .          Rampage  .   (no gloves)
Will    .....                   (boots unavailable)
Stlth   ++........              (no amulet)
HPRegen 0.16/turn               (no ring)
MPRegen 0.00/turn               (no ring)

@: brilliant, flying
A: sickness immunity, fire resistance 2, cold vulnerability 1, float, innate
caster, hp casting, extra vitality 1
a: no special abilities


You were on level 5 of the Dungeon.
You visited 1 branch of the dungeon, and saw 6 of its levels.

You collected 245 gold pieces.

Inventory:

Hand Weapons
 l - a +2 dire flail of venom (weapon)
Armour
 a - a +0 robe (worn)
Scrolls
 b - a scroll of holy word {unknown}
 e - 4 scrolls of identify {unknown}
 h - 2 scrolls of acquirement {unknown}
 k - a scroll of immolation {unknown}
Potions
 c - a potion of curing {unknown}
 d - a potion of attraction {unknown}
 f - a potion of brilliance
 g - a potion of lignification {unknown}
 i - 2 potions of flight {unknown}
 j - a potion of mutation {unknown}
 m - a potion of might {unknown}


   Skills:
 - Level 2.1 Dodging
 - Level 1.5 Stealth
 + Level 7.0 Spellcasting


You had 5 spell levels left.
You knew the following spells:

 Your Spells              Type           Power      Damage    Failure   Level
a - Sting                 Tmut/Pois      100%       1d8       1%          1
b - Poisonous Vapours     Pois/Air       94%        N/A       1%          2
c - Mephitic Cloud        Conj/Pois/Air  47%        N/A       1%          3
d - Olgreb's Toxic Radia  Pois           47%        N/A       6%          4
e - Summon Small Mammal   Summ           100%       N/A       1%          1
f - Ensorcelled Hibernat  Hex/Ice        94%        N/A       1%          2
g - Lesser Beckoning      Tloc           23%        N/A       1%          3
Your spell library was empty.

Dungeon Overview and Level Annotations

Branches:
Dungeon (6/15)             Temple (0/1) D:5

Altars:


Innate Abilities, Weirdness & Mutations

You are immune to sickness and miasma.
You are immune to poison.
Your flesh is very heat resistant. (rF++)
You are vulnerable to cold. (rC-)
You float through the air rather than walking.
You learn spells naturally, not from books.
Your magical power is your life essence.
You have superior vitality. (+4 HP)


Message History

Your Spellcasting skill increases to level 7!
HP restored.
Done exploring.
Done exploring.
There is a stone staircase leading down here.
You fly downwards.
The sky beast hits you. The sky beast shocks you.
The sky beast closely misses you.
There is a stone staircase leading up here.
Unknown command.
You barely miss the sky beast. The sky beast hits you.
The sky beast shocks you.
You miss the sky beast.
The sky beast hits you but does no damage.
Unknown command.
Casting: Sting (safe; 1% risk of failure)
Confirm with . or Enter, or press ? or * to list all spells.
Aiming: Poisonous Vapours (safe; 1% risk of failure)
Press: ? - help, Dir - move target, f - sky beast
Aim: a sky beast Poisonous vapours surround the sky beast!
The sky beast is poisoned.
The sky beast flickers out of sight!
Deactivating autopickup; reactivate with Ctrl-A.
Something hits you. Something shocks you. Something hits you.
Something shocks you.
* * * LOW HITPOINT WARNING * * *
You fly upwards.
Reactivating autopickup.
There is a stone staircase leading down here.
A sky beast appears from thin air!
The sky beast hits you.
* * * LOW HITPOINT WARNING * * *
The sky beast shocks you.
* * * LOW HITPOINT WARNING * * *
It was a potion of brilliance.
You feel clever all of a sudden.
The sky beast flickers out of sight!
Deactivating autopickup; reactivate with Ctrl-A.
Something hits you.
* * * LOW HITPOINT WARNING * * *
Something shocks you.
You die...

..........###.###.###...###'####.
####.#.#####.....................
####.#.# #..........#####..##.#
.....#.#####.####.##.## ##....#
######....##.# #...#.# ##'####
#.###.#.# #.#.#.# ##...## ###.#
#.#.# #>..#.# ##.....##
##.#.###.#.# #{#.#.# ##.......#
###...#...##.###@....###.........
......"......[)........+.........
###...##.#######....####.........
##.##..# #..#.## ##.......#
####.## #.#### ##.....## #.# #.#
##...## #.# #.# ##'## ### #.# #.#
#.# ..#####.# ####.############.#


There were no monsters in sight!

Vanquished Creatures
  An ice beast (D:5)
  A sky beast (D:5)
  A black bear (D:5)
  3 necrophages (D:5)
  An ogre (D:5)
  A jelly (D:5)
  An orc wizard (D:4)
  4 adders
  A shadow imp (D:5)
  A worm (D:4)
  A dart slug (D:2)
  8 orcs
  6 endoplasms
  3 giant cockroaches
  7 goblins
  6 hobgoblins
  3 jackals (D:4)
  A quokka (D:4)
  3 ball pythons
  5 bats
  5 frilled lizards
  A kobold (D:2)
  10 rats
74 creatures vanquished.

Vanquished Creatures (others)
  An adder (D:4)
  A goblin (D:4)
2 creatures vanquished.

Grand Total: 76 creatures vanquished

Notes
Turn   | Place    | Note
-------+----------+-------------------------------------------
     0 | D:1      | Nattfarinn the Djinni Venom Mage began the quest for the
                  | Orb.
     0 | D:1      | Reached XP level 1. HP: 15/15 MP: 0/0
   318 | D:1      | Reached XP level 2. HP: 16/21 MP: 0/0
   623 | D:1      | Reached skill level 3 in Spellcasting
   740 | D:1      | Found a faded altar of an unknown god.
  1299 | D:2      | Reached XP level 3. HP: 19/25 MP: 0/0
  1299 | D:2      | Learned a level 1 spell: Summon Small Mammal
  2778 | D:3      | Reached XP level 4. HP: 28/31 MP: 0/0
  3480 | D:4      | Reached skill level 4 in Spellcasting
  3480 | D:4      | Reached XP level 5. HP: 9/35 MP: 0/0
  3480 | D:4      | Learned a level 2 spell: Ensorcelled Hibernation
  4478 | D:5      | Entered Level 5 of the Dungeon
  4541 | D:5      | Noticed a necrophage
  4548 | D:5      | Killed a necrophage
  4549 | D:5      | Reached skill level 5 in Spellcasting
  4549 | D:5      | Reached XP level 6. HP: 24/40 MP: 0/0
  4754 | D:5      | Noticed a sky beast
  4773 | D:5      | Killed a sky beast
  4856 | D:5      | Noticed an ogre
  4870 | D:5      | Killed an ogre
  4871 | D:5      | Reached XP level 7. HP: 38/45 MP: 0/0
  4871 | D:5      | Learned a level 3 spell: Lesser Beckoning
  4980 | D:5      | Reached skill level 6 in Spellcasting
  5741 | D:5      | Reached XP level 8. HP: 41/50 MP: 0/0
  5928 | D:5      | Found a staircase to the Ecumenical Temple.
  6145 | D:5      | Reached skill level 7 in Spellcasting
  6285 | D:5      | Slain by a sky beast

Illustrated notes

Levels and vault maps discovered:
D:1:      giann_bridges, layout_loops_ring,
          dreamdust_ecumenical_altar_hidden_monk_grotto
D:2:      layout_loops_ring
D:3:      layout_loops_cross
D:4:      layout_basic, corexii_corridor_pit, lemuel_old_faithful
D:5:      layout_loops_corners, minmay_temple_entry_junction, minivault_1
D:6:      cheibrodos_quashed, layout_basic, uniq_duvessa

Skill      XL: |  1  2  3  4  5  6  7  8 |
---------------+-------------------------+-----
Spellcasting   | 3 4 5 6 7 |  7.0
Dodging        | |  2.1
Stealth        | |  1.5

Action                   |  1- 3 |  4- 6 |  7- 9 || total
-------------------------+-------+-------+-------++-------
Melee: Unarmed           |     2 |     2 |       ||     4
       Dire flail        |       |     9 |    57 ||    66
 Cast: Sting             |    78 |    48 |    13 ||   139
       Olgreb's Toxic Ra |       |     4 |       ||     4
       Poisonous Vapours |       |     5 |     1 ||     6
  Use: Potion            |       |     1 |     2 ||     3
Armor: Robe              |     4 |     6 |     8 ||    18
Dodge: Dodged            |    13 |    27 |    40 ||    80

Table legend: (Time is in decaauts)
 A = Elapsed time spent in this place.
 B = Non-inter-level travel time spent in this place.
 C = Inter-level travel time spent in this place.
 D = Time resting spent in this place.
 E = Time spent auto-exploring this place.
 F = Levels seen in this place.
 G = Mean time per level.
                   A        B        C        D        E       F      G
               +--------+--------+--------+--------+--------+-----+--------+
         Total |   6305 |   6124 |    181 |    752 |   4877 |   6 | 1050.8 |
       Dungeon |   6305 |   6124 |    181 |    752 |   4877 |   6 | 1050.8 |
               +--------+--------+--------+--------+--------+-----+--------+

Top non-repeatable levels by time:
     D:5: 1816 daAuts
     D:2: 1446 daAuts
     D:1: 1111 daAuts
     D:4: 1019 daAuts
     D:3: 900 daAuts
     D:6: 10 daAuts
